 Dungeon Crawl Stone Soup version 0.32-a0-43-g058985b245 (webtiles) character file.

Game seed: 8367513209151918949

78 Atlas the Fighter (level 4, -6/48 HPs)
             Began as a Demonspawn Fire Elementalist on Feb 4, 2024.
             Killed from afar by Sigmund (10 damage)
             ... with a magic dart
             ... on level 2 of the Dungeon.
             The game lasted 00:02:58 (1817 turns).

Atlas the Fighter (Demonspawn Fire Elementalist)    Turns: 1817, Time: 00:02:59

Health: -6/48      AC:  4    Str:  8    XL:     4   Next: 15%
Magic:  7/7        EV: 11    Int: 17    God:
Gold:   37         SH:  0    Dex: 14    Spells: 4/7 levels left

rFire   . . .        (no weapon)
rCold   . . .        (no shield)
rNeg    . . .        n - +0 leather armour
rPois   .            (no helmet)
rElec   .            k - +0 cloak
rCorr   .            (no gloves)
SInv    .            (no boots)
Will    .....        (no amulet)
Stlth   +            (no ring)
HPRegen 0.28/turn    (no ring)
MPRegen 0.10/turn

%: no passive effects
@: confused, invisible
A: ignite blood 1
a: no special abilities


You were on level 2 of the Dungeon.
You visited 1 branch of the dungeon, and saw 2 of its levels.

You collected 37 gold pieces.

Inventory:

Armour
 k - a +0 cloak (worn)
 n - a +0 leather armour (worn)
Scrolls
 j - a scroll of identify {unknown}
 l - a scroll of amnesia {unknown}
 m - a scroll of enchant armour {unknown}
Potions
 b - a potion of magic
 c - a potion of enlightenment {unknown}
 d - a potion of degeneration {unknown}
 f - a potion of resistance {unknown}
 g - a potion of heal wounds {unknown}
 h - a potion of brilliance {unknown}


   Skills:
 + Level 10.4 Fighting
 + Level 1.8 Dodging
 + Level 1.9 Stealth
 + Level 0.5 Unarmed Combat
 + Level 2.4 Spellcasting
 + Level 1.1 Conjurations
 + Level 3.3 Fire Magic


You had 4 spell levels left.
You knew the following spells:

 Your Spells              Type           Power      Damage    Failure   Level
a - Scorch                Fire           26%        2d6       11%         2
b - Foxfire               Conj/Fire      36%        2x1d5     11%         1

Your spell library contained the following spells:

 Spells                   Type           Power      Damage    Failure   Level
 Inner Flame              Hex/Fire       7%         N/A       38%         3
 Volatile Blastmotes      Fire/Tloc      14%        2d11      38%         3
 Flame Wave               Conj/Fire      9%         2d6       71%         4


Dungeon Overview and Level Annotations

Branches:
Dungeon (2/15)

Altars:

Annotations:
D:2 Robin, Sigmund


Innate Abilities, Weirdness & Mutations

Your demonic aura sometimes causes spilled blood to erupt in flames.


Message History

The foxfire hits something.
You miscast Foxfire.
You are very lightly contaminated with residual magic.
Nothing appears to happen.
The foxfire hits something but does no damage.
The foxfire hits something.
You conjure some foxfire!
You are out of magic!
You are out of magic!
Your foxfire dissipates!
The foxfire hits something.
Something hits you but does no damage. Magic courses through your body.
You hear some strange, mumbled words.
You are confused.
You're too confused to cast spells.
Sorry, you're not good enough to have a special ability.
You hear some strange, mumbled words.
A puff of flame appears from out of thin air!
The puff of flame hits you!
You bump into the rock wall.
Something hits you but does no damage.
Your magical contamination has completely faded away.
You hear some strange, mumbled words.
You are more confused.
Something hits you!
* * * LOW HITPOINT WARNING * * *
Something barely misses you.
You bump into the rock wall.
It was a potion of experience.
You feel more experienced!
Your Fighting skill gained 10 levels and is now at level 10!
You have reached level 4!
You feel agile. Something hits you!
* * * LOW HITPOINT WARNING * * *
It was a potion of invisibility.
You fade into invisibility!
You hear some strange, mumbled words.
A magic dart appears from out of thin air!
The magic dart hits you!
You die...

##### #... #... #...#
###.### #...# #.....###
#...# ###.#.#.... #...#
###.......# #...#
#.....#.#.#
#####..{#####.###.....#
........@.....# #.#.###
####.........###...#
#########....<###
#######


There were no monsters in sight!

Vanquished Creatures
  5 ball pythons (D:1)
  3 bats
  4 endoplasms (D:1)
  2 giant cockroaches (D:1)
  6 goblins
  3 hobgoblins
  2 frilled lizards (D:1)
  2 kobolds (D:1)
  3 rats (D:1)
30 creatures vanquished.

Vanquished Creatures (others)
  86 foxfires
86 creatures vanquished.

Grand Total: 116 creatures vanquished

Notes
Turn   | Place    | Note
-------+----------+-------------------------------------------
     0 | D:1      | Atlas the Demonspawn Fire Elementalist began the quest for
                  | the Orb.
     0 | D:1      | Reached XP level 1. HP: 13/13 MP: 3/3
   232 | D:1      | Gained mutation: Your demonic aura sometimes causes spilled
                  | blood to erupt in flames. [demonic ancestry]
   232 | D:1      | Reached XP level 2. HP: 19/19 MP: 0/5
  1154 | D:1      | Reached XP level 3. HP: 24/24 MP: 2/6
  1157 | D:1      | Learned a level 2 spell: Scorch
  1630 | D:2      | Noticed Robin
  1799 | D:2      | Noticed Sigmund
  1816 | D:2      | Reached skill level 10 in Fighting
  1816 | D:2      | Reached XP level 4. HP: 13/48 MP: 7/7
  1817 | D:2      | Killed from afar by Sigmund

Illustrated notes

Levels and vault maps discovered:
D:1:      dpeg_arrival_arbitrary_c, layout_basic, serial_park_tiny_1,
          minmay_misc_feat_ornament, minmay_ruptured
D:2:      layout_loops_ring, basic_altar, minmay_fractal_squares_gapless_5,
          uniq_robin, uniq_crazy_yiuf_cottage, uniq_jessica, uniq_natasha,
          uniq_sigmund

Skill      XL: |  1  2  3 |
---------------+----------+-----
Fire Magic     | 3 |  3.3
Fighting       | 10 | 10.4
Dodging        | |  1.8
Stealth        | |  1.9
Unarmed Combat | |  0.5
Spellcasting   | |  2.4
Conjurations   | |  1.1

Action                     |  1- 3 |  4- 6 || total
---------------------------+-------+-------++-------
  Melee: Unarmed           |     9 |       ||     9
   Cast: Foxfire           |    53 |       ||    53
         Scorch            |     4 |       ||     4
    Use: Potion            |     2 |     1 ||     3
 Armour: Robe              |    11 |       ||    11
         Leather armour    |     5 |     2 ||     7
  Dodge: Dodged            |    17 |       ||    17

Table legend: (Time is in decaauts)
 A = Elapsed time spent in this place.
 B = Non-inter-level travel time spent in this place.
 C = Inter-level travel time spent in this place.
 D = Time resting spent in this place.
 E = Time spent auto-exploring this place.
 F = Levels seen in this place.
 G = Mean time per level.
                   A        B        C        D        E       F      G
               +--------+--------+--------+--------+--------+-----+--------+
         Total |   1816 |   1693 |    123 |      0 |   1493 |   2 |  908.0 |
       Dungeon |   1816 |   1693 |    123 |      0 |   1493 |   2 |  908.0 |
               +--------+--------+--------+--------+--------+-----+--------+

Top non-repeatable levels by time:
     D:1: 1743 daAuts
     D:2: 73 daAuts
